Cogmind - Beta 13 @@@ ROGUE MODE // 2024.03.08 @ 14:04:06 Player: darki Result: Destroyed by X-77 Beamer with Gatling Laser Performance ------------- Evolutions (7) 3500 Regions Visited (20) 4000 Robots Destroyed (52) 260 Value Destroyed (1614) 1614 Prototype IDs (34) 680 Alien Tech Used (0) 0 Bonus (3026) 3026 TOTAL SCORE: 13080 Bonus ------- Triggered Max Security 1000 Follower Combat Kills 80 Entered DSFs 500 Aligned with FarCom 300 Met Warlord at Base 500 MAIN.C Attacked Warlord 500 Warlord Defense Kills 242 Friendly Fire -96 Cogmind --------- Core Integrity 0/1300 Matter 64/300 Energy 43/100 System Corruption 11% Temperature Cool (12) Movement Flying (45) Location -3/Testing Parts ------- > --- POWER (1) -------- (None) > --- PROPULSION (2) --- Impulse Thruster Array > --- UTILITY (16) ----- Improved Signal Interpreter Advanced Terrain Scan Processor Improved Melee Analysis Suite Advanced Melee Analysis Suite Advanced Melee Analysis Suite Advanced Target Analyzer Experimental Core Analyzer > --- WEAPON (2) ------- Tachyon Dispersion Ray Advanced KE Penetrator > --- INVENTORY (5) ---- Superbattery (1500) Improved Plasma Cutter Gravity Flail Vortex Lance (24) Peak State ------------ > --- POWER ------------ Micro Nuclear Core > --- PROPULSION ------- Nuclear Pulse Array > --- UTILITY ---------- Structural Scanner Improved Signal Interpreter Improved Terrain Scan Processor Advanced Terrain Scan Processor Improved Melee Analysis Suite Improved Melee Analysis Suite Advanced Melee Analysis Suite Advanced Melee Analysis Suite Advanced Melee Analysis Suite Experimental Core Analyzer Transmission Jammer Improved Reaction Control System Hacking Suite Advanced System Shield > --- WEAPON ----------- Gravity Flail > --- INVENTORY -------- Light Nuclear Core Superbattery Improved Plasma Cutter Vortex Lance [Rating: 88] Favorites ----------- Power Light Ion Engine Engine Light Ion Engine Power Core Micro Nuclear Core Propulsion Aluminum Leg Treads Light Treads Leg Aluminum Leg Hover Unit Backup Propulsion III Flight Unit Xenon Bombardment Thruster Utility Advanced Melee Analysis Suite Device Cooling System Storage Small Storage Unit Processor Advanced Melee Analysis Suite Hackware Hacking Suite Protection Light Armor Plating Weapon Improved EM Shotgun Energy Gun Improved EM Shotgun Energy Cannon Ion Cannon Ballistic Gun Light Assault Rifle Launcher Neutron Missile Launcher Special Weapon Improved Plasma Cutter Impact Weapon Power Maul Piercing Weapon Vortex Lance Build | -11 -10 -10 -9 -9 -9 -8 -8 -7 -6 -6 -6 -6 -5 -5 -5 -5 -4 -4 -3 -3 ------- Run | Yrd Mat Min Mat Min Exi Min Mat Fac Fac Was Fac DSF Fac Upp Upp War Pro Fac Res Tes Slots Evolved 14 | . . . 2 . . . 2 2 2 . . . 2 . . . . 2 2 . Power . | . . . . . . . . . . . . . . . . . . . . . Propulsion . | . . . . . . . . . . . . . . . . . . . . . Utility 14 | . . . 2 . . . 2 2 2 . . . 2 . . . . 2 2 . Weapon . | . . . . . . . . . . . . . . . . . . . . . Parts Attached 119 | . 6 . 9 2 2 . 9 15 . 5 3 10 7 1 . 9 5 12 17 7 Power 6 | . . . 1 . . . . 1 . . . 1 . . . . . 1 2 . Engine 1 | . . . 1 . . . . . . . . . . . . . . . . . Core 5 | . . . . . . . . 1 . . . 1 . . . . . 1 2 . Reactor . | . . . . . . . . . . . . . . . . . . . . . Propulsion 21 | . 2 . 3 . . . 2 1 . . . 4 . . . . 1 3 4 1 Treads 3 | . 2 . 1 . . . . . . . . . . . . . . . . . Leg 4 | . . . 2 . . . . . . . . . . . . . . . 2 . Wheel . | . . . . . . . . . . . . . . . . . . . . . Hover 1 | . . . . . . . . . . . . . . . . . . 1 . . Flight 13 | . . . . . . . 2 1 . . . 4 . . . . 1 2 2 1 Utility 51 | . 1 . 4 1 . . 4 11 . 1 2 2 7 1 . 6 . 4 6 1 Device 19 | . 1 . 1 1 . . 1 1 . 1 . 1 4 . . 2 . 1 4 1 Storage 3 | . . . . . . . 1 1 . . . . . . . . . 1 . . Processor 18 | . . . . . . . 2 6 . . 1 1 1 . . 4 . 1 2 . Hackware 8 | . . . . . . . . 3 . . 1 . 2 1 . . . 1 . . Protection 3 | . . . 3 . . . . . . . . . . . . . . . . . Artifact . | . . . . . . . . . . . . . . . . . . . . . Weapon 41 | . 3 . 1 1 2 . 3 2 . 4 1 3 . . . 3 4 4 5 5 Energy Gun 11 | . 2 . 1 1 2 . 2 . . . . . . . . . . . . 3 Energy Cannon 1 | . . . . . . . . 1 . . . . . . . . . . . . Ballistic Gun 2 | . 1 . . . . . . . . . . . . . . . . . . 1 Ballistic Cannon . | . . . . . . . . . . . . . . . . . . . . . Launcher 7 | . . . . . . . . . . . . 1 . . . . 2 . 4 . Special Weapon 3 | . . . . . . . 1 . . . . . . . . 1 . 1 . . Impact Weapon 11 | . . . . . . . . 1 . 4 1 2 . . . . . 1 1 1 Slashing Weapon . | . . . . . . . . . . . . . . . . . . . . . Piercing Weapon 6 | . . . . . . . . . . . . . . . . 2 2 2 . . Special Melee Weapon . | . . . . . . . . . . . . . . . . . . . . . Unidentified Prototypes 11 | . 1 . . . . . 1 . . . . . . . . 3 . 1 1 4 Corrupted Parts 1 | . . . 1 . . . . . . . . . . . . . . . . . System Corruption 2 | . . . 2 . . . . . . . . . . . . . . . . . Parts Lost 56 | . . . 4 . . . 9 2 2 . . 5 . 2 1 4 7 2 17 1 Power 4 | . . . . . . . 1 . . . . . . . . . 1 . 2 . Propulsion 15 | . . . 1 . . . 2 1 1 . . 1 . . . 2 3 . 4 . Utility 28 | . . . 2 . . . 4 1 1 . . 4 . 2 1 1 2 2 8 . Weapon 9 | . . . 1 . . . 2 . . . . . . . . 1 1 . 3 1 Highest Loss Streak 9 | . . . 2 . . . 9 2 2 . . 4 . 1 1 4 6 1 8 1 To Critical Strikes . | . . . . . . . . . . . . . . . . . . . . . Average Slot Usage (%) 74 | . 94 100 75 78 68 88 84 84 79 58 78 64 72 74 69 66 76 64 67 43 Engine 4 | . 14 14 10 11 11 11 7 . . . . . . . . 2 3 . . . Core 1 | . . . . . . . . 6 6 . . 2 5 5 5 1 . . 2 . Treads 2 | . 19 28 16 . . . . . . . . . . . . . . . . . Leg 4 | . 8 . . 22 22 22 15 . . . . . . . . . . . . . Flight 4 | . . . . . . . . 15 13 6 6 8 11 11 11 3 1 1 3 1 Device 7 | . 9 14 12 12 22 22 18 . . 3 6 8 11 11 10 1 . 3 7 . Storage 5 | . 14 14 11 11 11 11 8 5 6 6 6 2 . . . . . . . . Processor 24 | . . . . . . . 16 36 26 26 33 32 28 29 29 31 50 43 40 33 Hackware 7 | . . . . . . . . 10 19 13 19 7 14 15 11 11 8 9 6 . Energy Gun 6 | . 24 28 21 22 2 22 16 . . . . . . . . 5 . . . 3 Impact Weapon 1 | . . . . . . . . 5 6 . 5 . . . . . . . 3 3 Naked Turns . | . . . . . . . . . . . . . . . . . . . . . Heaviest Build 27 | 13 18 18 21 17 17 17 20 12 12 5 8 7 9 8 8 9 9 9 27 10 Greatest Support 50 | 20 40 40 40 20 20 20 20 12 12 6 6 12 8 12 8 16 16 11 50 16 Greatest Overweight (x) 7 | . . . 5 . . . 2 1 3 . 1 1 1 . . 1 . 2 7 2 Average Overweight (x) . | . . . . . . . . . . . . . . . . . . . . . Largest Inventory Capacity 8 | . 8 8 8 8 8 8 8 5 5 5 5 5 5 5 5 5 5 5 5 5 Average Capacity 6 | . 8 8 8 8 8 8 7 5 5 5 5 5 5 5 5 5 5 5 5 5 Most Carried 8 | . 6 3 3 2 8 6 8 5 5 5 5 5 5 5 5 5 5 5 5 4 Average Carried 4 | . 3 3 2 1 6 6 6 4 5 4 4 4 4 5 5 4 4 3 4 3 Final Capacity 8 | 8 8 8 8 8 8 8 5 5 5 5 5 5 5 5 5 5 5 5 5 5 Final Carried 6 | 6 3 3 2 2 6 6 3 5 5 5 4 5 5 5 5 5 4 5 4 4 Class Distribution -------------------- 46% | Mutant 36% | Hacker-Mutant 7% | Hacker-Sprinter 6% | Hacker-Scout 3% | Scavenger-Mutant Dominant Class ---------------- Mutant | -10/Materials Mutant | -10/Mines Mutant | -9/Materials Mutant | -9/Mines Mutant | -9/Exiles Mutant | -8/Mines Mutant | -8/Materials Mutant | -7/Factory Hacker-Mutant | -6/Factory Hacker-Mutant | -6/Waste Hacker-Mutant | -6/Factory Hacker-Mutant | -6/DSF Hacker-Scout | -5/Factory Hacker-Sprinter | -5/Upper Caves Hacker-Sprinter | -5/Upper Caves Hacker-Mutant | -5/Warlord Hacker-Mutant | -4/Proximity Caves Hacker-Mutant | -4/Factory Hacker-Mutant | -3/Research Mutant | -3/Testing Resources | -11 -10 -10 -9 -9 -9 -8 -8 -7 -6 -6 -6 -6 -5 -5 -5 -5 -4 -4 -3 -3 ----------- Run | Yrd Mat Min Mat Min Exi Min Mat Fac Fac Was Fac DSF Fac Upp Upp War Pro Fac Res Tes Matter Collected 1173 | 200 . . 145 34 . . 71 24 . 224 . 99 . 29 . 138 34 105 70 . Remotely . | . . . . . . . . . . . . . . . . . . . . . Salvage Created 1654 | . 110 . 596 46 . . 168 24 25 . . 25 . . . 141 93 135 265 26 Parts 87 | . 3 . 24 2 . . 15 . . . . 5 . . . 4 9 10 11 4 Haulers Intercepted 1 | . . . . . . . 1 . . . . . . . . . . . . . Recyclers Shooed . | . . . . . . . . . . . . . . . . . . . . . Parts Field Recycled . | . . . . . . . . . . . . . . . . . . . . . Retrieved Matter . | . . . . . . . . . . . . . . . . . . . . . Parts Self-Destructed 6 | . . . . . . . . . . . . . . 1 . . 5 . . . Prevented . | . . . . . . . . . . . . . . . . . . . . . Kills | -11 -10 -10 -9 -9 -9 -8 -8 -7 -6 -6 -6 -6 -5 -5 -5 -5 -4 -4 -3 -3 ------- Run | Yrd Mat Min Mat Min Exi Min Mat Fac Fac Was Fac DSF Fac Upp Upp War Pro Fac Res Tes Combat Hostiles Destroyed 36 | . 2 . 10 1 . . 3 . . . . 3 . . . 2 6 4 5 . Melee 9 | . . . . . . . . . . . . . . . . 2 1 4 2 . Guns 15 | . 2 . 9 1 . . 3 . . . . . . . . . . . . . AOE 10 | . . . . . . . . . . . . 3 . . . . 5 . 2 . Classes Destroyed 12 | . 1 . 2 . . . 3 2 . . . 1 . . . 2 . . 1 . Worker 3 | . . . . . . . . 1 1 . . . . . . . . . 1 . Builder 7 | . . . . . . . . 2 . . . . . . . . . . 5 . Hauler 1 | . . . . . . . 1 . . . . . . . . . . . . . Recycler 1 | . . . 1 . . . . . . . . . . . . . . . . . Operator 4 | . . . . . . . 1 . 1 . . . . . . . . . 1 1 Swarmer 12 | . . . . . . . 2 . . . . . . . . . 6 3 1 . Cutter 3 | . . . . . . . . . . . . 3 . . . . . . . . Grunt 11 | . 2 . 8 1 . . . . . . . . . . . . . . . . Brawler 1 | . . . . . . . . . . . . . . . . 1 . . . . Protector 1 | . . . . . . . . . . . . . . . . 1 . . . . Sentry 4 | . . . 2 . . . 1 . . . . . . . . . . 1 . . Programmer 4 | . . . . . . . . . . . . . . . . . . . 4 . Best Kill Streak 6 | . 2 . 6 1 . . 1 2 1 . . 3 . . . 2 5 3 3 1 Combat Bots Only 5 | . 2 . 5 1 . . 1 . . . . 3 . . . 2 5 3 2 . Max Kills in Single Turn 5 | . 1 . 1 1 . . 1 1 1 . . 3 . . . 1 5 1 1 1 Gunslinging . | . . . . . . . . . . . . . . . . . . . . . Exploded 5 | . . . . . . . . . . . . 3 . . . . 5 . 1 . Melee 1 | . . . . . . . . . . . . . . . . 1 1 1 1 . Uniques/NPCs Destroyed . | . . . . . . . . . . . . . . . . . . . . . Combat | -11 -10 -10 -9 -9 -9 -8 -8 -7 -6 -6 -6 -6 -5 -5 -5 -5 -4 -4 -3 -3 -------- Run | Yrd Mat Min Mat Min Exi Min Mat Fac Fac Was Fac DSF Fac Upp Upp War Pro Fac Res Tes Hostile Shots Fired 614 | . 11 . 72 14 . . 88 . 15 . . 28 . 16 9 27 81 22 181 50 Missed 244 | . 4 . 24 3 . . 28 . 4 . . 11 . 13 3 10 36 6 81 21 Damage Taken 7041 | . 67 . 584 165 . . 951 52 176 . . 450 . 77 107 379 810 279 2564 380 Core 3304 | . 7 . 119 55 . . 470 . 61 . . 264 . 60 16 198 551 194 1192 117 Absorbed by Shields 171 | . 26 . 72 . . . . . . . . 73 . . . . . . . . Core Remaining (%) 66 | 100 . 97 . . . 56 14 100 . . . 61 . . . . 17 83 . . Volleys Fired 49 | . 2 . 21 3 . . 10 1 . . . 1 . . . . 1 . 5 5 Largest 2 | . 2 . 2 2 . . 2 1 . . . 1 . . . . 1 . 1 1 Hottest 106 | . 90 . 90 90 . . 106 60 . . . 39 . . . . 39 . 49 90 Shots Fired 84 | . 5 . 41 7 1 . 17 1 . . . 1 . . . . 1 . 5 5 Gun 74 | . 5 . 41 7 1 . 15 . . . . . . . . . . . . 5 Cannon 1 | . . . . . . . . 1 . . . . . . . . . . . . Launcher 7 | . . . . . . . . . . . . 1 . . . . 1 . 5 . Special 2 | . . . . . . . 2 . . . . . . . . . . . . . Kinetic 2 | . . . . . . . . . . . . . . . . . . . . 2 Thermal 8 | . . . . . . . 6 1 . . . . . . . . . . . 1 Explosive 7 | . . . . . . . . . . . . 1 . . . . 1 . 5 . Electromagnetic 67 | . 5 . 41 7 1 . 11 . . . . . . . . . . . . 2 Robot Hit Streak 12 | . 7 . 12 6 . . 9 . . . . 3 . . . . . . 7 1 Robot Miss Streak 3 | . 1 . 3 1 . . 2 . . . . . . . . . . . . 1 Penetration Max . | . . . . . . . . . . . . . . . . . . . . . Secondary Targets 1 | . . . 1 . . . . . . . . . . . . . . . . . Max Gunslinging Chain 1 | . . . 1 . . . . . . . . . . . . . . . . . Shots Hit Robots 93 | . 4 . 34 5 . . 11 3 2 . . 1 . . . 3 4 7 18 1 Core Hits 60 | . 5 . 23 4 . . 8 . . . . 3 . . . 2 5 4 5 1 Critical Kills 1 | . . . . . . . . . . . . . . . . . . . 1 . Critical Parts Destroyed 6 | . . . . . . . . 1 1 . . . . . . . . . 4 . Critical Strikes 12 | . . . . . . . . 1 1 . . . . . . 1 1 3 5 . Smash 7 | . . . . . . . . 1 1 . . . . . . . . . 5 . Sunder 5 | . . . . . . . . . . . . . . . . 1 1 3 . . Melee Attacks 82 | . . . . . . . . 21 11 4 4 1 . . . 3 4 9 23 2 Impact 66 | . . . . . . . . 21 11 4 4 1 . . . . . . 23 2 Slashing . | . . . . . . . . . . . . . . . . . . . . . Piercing . | . . . . . . . . . . . . . . . . . . . . . Entropic 16 | . . . . . . . . . . . . . . . . 3 4 9 . . Sneak Attacks 9 | . . . . . . . . 3 1 . . . . . . . . . 5 . Combat Hostiles . | . . . . . . . . . . . . . . . . . . . . . Follow-up Attacks . | . . . . . . . . . . . . . . . . . . . . . Damage Inflicted 5491 | . 68 . 629 273 . . 183 324 161 . . 214 . 3 . 292 690 616 2008 30 Guns 957 | . 68 . 548 128 . . 183 . . . . . . . . . . . . 30 Cannons . | . . . . . . . . . . . . . . . . . . . . . Explosions 1321 | . . . 81 145 . . . . . . . 214 . . . . 321 . 560 . Melee 3210 | . . . . . . . . 324 161 . . . . . . 292 369 616 1448 . Ramming 3 | . . . . . . . . . . . . . . 3 . . . . . . Kinetic 30 | . . . . . . . . . . . . . . . . . . . . 30 Thermal 286 | . . . 81 145 . . 60 . . . . . . . . . . . . . Explosive 1095 | . . . . . . . . . . . . 214 . . . . 321 . 560 . Electromagnetic 867 | . 68 . 548 128 . . 123 . . . . . . . . . . . . . Impact 1933 | . . . . . . . . 324 161 . . . . . . . . . 1448 . Slashing . | . . . . . . . . . . . . . . . . . . . . . Piercing . | . . . . . . . . . . . . . . . . . . . . . Entropic 1277 | . . . . . . . . . . . . . . . . 292 369 616 . . Highest Corruption 11 | . 1 1 2 2 2 2 . 7 . . . 2 . . . . . . 10 11 Average Corruption 4 | . 1 1 2 2 2 2 . 7 . . . 2 . . . . . . 6 10 Corruption Purged . | . . . . . . . . . . . . . . . . . . . . . Corruption Blocked . | . . . . . . . . . . . . . . . . . . . . . Effects 43 | . 1 1 . 8 4 . . 17 . . . 2 . . . . . . 7 3 Message Errors 9 | . . . . . . . . 5 . . . . . . . . . . 3 1 Matter Fused 9 | . . . . 3 . . . 5 . . . 1 . . . . . . . . Heat Flow Errors 6 | . . . . 2 1 . . 2 . . . . . . . . . . . 1 Energy Discharges 3 | . . 1 . . . . . . . . . 1 . . . . . . 1 . Parts Fused 1 | . . . . . . . . . . . . . . . . . . . 1 . Data Loss (minor) 6 | . . . . 2 1 . . 3 . . . . . . . . . . . . Data Loss (major) 2 | . . . . . . . . 1 . . . . . . . . . . . 1 Misfires 3 | . 1 . . 1 1 . . . . . . . . . . . . . . . Alerts 2 | . . . . . 1 . . 1 . . . . . . . . . . . . Misdirections 2 | . . . . . . . . . . . . . . . . . . . 2 . Overload Shots . | . . . . . . . . . . . . . . . . . . . . . Overflow Damage 1596 | . . . 4 . . . . 244 111 . . 6 . . . 77 108 48 998 . Projectiles . | . . . . . . . . . . . . . . . . . . . . . Explosions 60 | . . . 4 . . . . . . . . 6 . . . . . . 50 . Melee 1536 | . . . . . . . . 244 111 . . . . . . 77 108 48 948 . Knockbacks 6 | . . . . . . . . 1 1 . . . . . . . . . 4 . Impact 6 | . . . . . . . . 1 1 . . . . . . . . . 4 . Kinetic . | . . . . . . . . . . . . . . . . . . . . . Secondary . | . . . . . . . . . . . . . . . . . . . . . Self-Inflicted Damage 594 | . . . 84 26 . . . . . . . 48 . 1 . . 59 . 376 . Shots 9 | . . . 2 1 . . . . . . . 1 . . . . 1 . 4 . Rammed 1 | . . . . . . . . . . . . . . 1 . . . . . . Targets Rammed 1 | . . . . . . . . . . . . . . 1 . . . . . . Kicked . | . . . . . . . . . . . . . . . . . . . . . Crushed . | . . . . . . . . . . . . . . . . . . . . . Highest Temperature 302 | . 64 . 192 145 232 . . 163 . . . . . 5 . . . . . 302 Average Temperature 73 | . 28 . 75 65 123 . . 67 . . . . . 2 . . . . . 109 Received Heat Transfer 751 | . 34 . 252 78 . . 18 . . . . 9 . 9 . 90 27 27 63 144 Effects 1 | . . . . . . . . . . . . . . . . . . . . 1 Damage (minor) 1 | . . . . . . . . . . . . . . . . . . . . 1 Siege Activations . | . . . . . . . . . . . . . . . . . . . . . Robots Corrupted 1 | . . . 1 . . . . . . . . . . . . . . . . . Combat Hostiles 1 | . . . 1 . . . . . . . . . . . . . . . . . Parts Fried 17 | . . . 1 . . . . 5 4 . . . . . . . . . 7 . Impact Corruptions 44 | . . . . . . . . 9 4 . . . . . . . . . 31 . Robots Melted . | . . . . . . . . . . . . . . . . . . . . . Combat Hostiles . | . . . . . . . . . . . . . . . . . . . . . Parts Melted 1 | . . . . . . . 1 . . . . . . . . . . . . . Heat Transferred 361 | . . . 100 150 . . 111 . . . . . . . . . . . . . Parts Sabotaged . | . . . . . . . . . . . . . . . . . . . . . Parts Stolen . | . . . . . . . . . . . . . . . . . . . . . Parts Stripped . | . . . . . . . . . . . . . . . . . . . . . Power Chain Reactions 4 | . . . 2 2 . . . . . . . . . . . . . . . . Alert | -11 -10 -10 -9 -9 -9 -8 -8 -7 -6 -6 -6 -6 -5 -5 -5 -5 -4 -4 -3 -3 ------- Run | Yrd Mat Min Mat Min Exi Min Mat Fac Fac Was Fac DSF Fac Upp Upp War Pro Fac Res Tes Peak Influence 1655 | . 131 51 255 72 . . 189 71 104 33 59 113 53 . . . . 208 353 1655 Initial 198 | . . 51 19 70 . . . 22 34 29 23 41 53 . . . . 94 108 198 Average 116 | . 31 51 131 68 . . 34 26 60 31 54 83 22 . . . . 132 154 1609 Maximum Alert Level 5 | . . . 1 . . . . . . . . . . . . . . 1 1 5 Low Security (%) 89 | . 100 100 67 100 . 100 100 100 100 100 100 100 100 . . . . 79 79 . Level 1 8 | . . . 32 . . . . . . . . . . . . . . 20 20 . Level 2 . | . . . . . . . . . . . . . . . . . . . . . Level 3 . | . . . . . . . . . . . . . . . . . . . . . Level 4 . | . . . . . . . . . . . . . . . . . . . . . Level 5 . | . . . . . . . . . . . . . . . . . . . . . High Security . | . . . . . . . . . . . . . . . . . . . . . Max Security 2 | . . . . . . . . . . . . . . . . . . . . 99 Squads Dispatched 21 | . 1 . 2 . . . 2 2 1 . . 1 3 . . . 1 . 2 6 Investigation 3 | . . . 1 . . . . 1 . . . . 1 . . . . . . . Extermination 2 | . . . . . . . . . . . . . 1 . . . . . 1 . Reinforcement 9 | . 1 . 1 . . . 2 1 1 . . 1 1 . . . . . 1 . Assault 7 | . . . . . . . . . . . . . . . . . 1 . . 6 Garrison . | . . . . . . . . . . . . . . . . . . . . . Intercept . | . . . . . . . . . . . . . . . . . . . . . Searches Triggered . | . . . . . . . . . . . . . . . . . . . . . Construction Impeded 1 | . . . . . . . . 1 . . . . . . . . . . . . Haulers Reinforced . | . . . . . . . . . . . . . . . . . . . . . Active Scanning Responses . | . . . . . . . . . . . . . . . . . . . . . Cargo Convoy Interrupts . | . . . . . . . . . . . . . . . . . . . . . Stealth | -11 -10 -10 -9 -9 -9 -8 -8 -7 -6 -6 -6 -6 -5 -5 -5 -5 -4 -4 -3 -3 --------- Run | Yrd Mat Min Mat Min Exi Min Mat Fac Fac Was Fac DSF Fac Upp Upp War Pro Fac Res Tes Distress Signals 7 | . 1 . 1 . . . 3 . . . . . . . . . . . 2 . Communications Jammed 2 | . . . . . . . . . . . . . . . . 1 . . 1 . Distress Signals 2 | . . . . . . . . . . . . . . . . 1 . . 1 . Times Spotted 178 | . 8 . 18 3 . . 19 1 3 . . 9 . 12 2 37 28 5 27 6 Peak Tracking Total 15 | . 6 . 5 3 . . 9 2 1 . . 4 1 6 2 14 15 4 11 11 Tactical Retreats 24 | . . . 2 . . . 3 . . . . 2 . 4 . 2 5 1 5 . Traps | -11 -10 -10 -9 -9 -9 -8 -8 -7 -6 -6 -6 -6 -5 -5 -5 -5 -4 -4 -3 -3 ------- Run | Yrd Mat Min Mat Min Exi Min Mat Fac Fac Was Fac DSF Fac Upp Upp War Pro Fac Res Tes Traps Triggered 9 | . 1 . 3 . . . . 2 1 . . 2 . . . . . . . . Indirectly . | . . . . . . . . . . . . . . . . . . . . . Trap Hack Attempts . | . . . . . . . . . . . . . . . . . . . . . Triggered . | . . . . . . . . . . . . . . . . . . . . . Disarmed . | . . . . . . . . . . . . . . . . . . . . . Reprogrammed . | . . . . . . . . . . . . . . . . . . . . . Reused . | . . . . . . . . . . . . . . . . . . . . . Traps Extracted . | . . . . . . . . . . . . . . . . . . . . . Installed . | . . . . . . . . . . . . . . . . . . . . . Triggered 10 | . . . . . . . . . . . . . . 1 . 9 . . . . Machines | -11 -10 -10 -9 -9 -9 -8 -8 -7 -6 -6 -6 -6 -5 -5 -5 -5 -4 -4 -3 -3 ---------- Run | Yrd Mat Min Mat Min Exi Min Mat Fac Fac Was Fac DSF Fac Upp Upp War Pro Fac Res Tes Machines Disabled 7 | . 1 . 1 . . . . . 1 . . . . . . . . . 1 3 Max in Single Turn 1 | . 1 . 1 . . . . . 1 . . . . . . . . . 1 1 Machines Repaired . | . . . . . . . . . . . . . . . . . . . . . Machines Dismantled . | . . . . . . . . . . . . . . . . . . . . . Machines Sabotaged . | . . . . . . . . . . . . . . . . . . . . . Overloaded Fab Kills . | . . . . . . . . . . . . . . . . . . . . . Hacking | -11 -10 -10 -9 -9 -9 -8 -8 -7 -6 -6 -6 -6 -5 -5 -5 -5 -4 -4 -3 -3 --------- Run | Yrd Mat Min Mat Min Exi Min Mat Fac Fac Was Fac DSF Fac Upp Upp War Pro Fac Res Tes Machines Accessed 35 | . 2 . 2 . 1 . . 14 1 . 2 . 4 1 . 3 . 2 3 . Terminals 23 | . 2 . 2 . . . . 11 . . 2 . 3 . . . . 1 2 . Fabricators 4 | . . . . . . . . 2 . . . . . . . . . 1 1 . Repair Stations 2 | . . . . . . . . 1 1 . . . . . . . . . . . Recycling Units 1 | . . . . . . . . . . . . . 1 . . . . . . . Scanalyzers . | . . . . . . . . . . . . . . . . . . . . . Garrison Access . | . . . . . . . . . . . . . . . . . . . . . Total Hacks 93 | . 7 . 5 . 1 . . 37 1 . 4 . 18 1 . 7 . 5 7 . Successful 47 | . 3 . 3 . 1 . . 15 1 . 4 . 8 1 . 7 . 3 1 . Failed 46 | . 4 . 2 . . . . 22 . . . . 10 . . . . 2 6 . Catastrophic 9 | . . . 1 . . . . 4 . . . . . . . . . 2 2 . Database Lockouts . | . . . . . . . . . . . . . . . . . . . . . Manual 77 | . 7 . 5 . 1 . . 34 1 . 3 . 14 . . 1 . 4 7 . Terminals 71 | . 7 . 5 . . . . 31 . . 4 . 17 . . . . 4 3 . Fabricators 10 | . . . . . . . . 5 . . . . . . . . . 1 4 . Repair Stations 2 | . . . . . . . . 1 1 . . . . . . . . . . . Recycling Units 1 | . . . . . . . . . . . . . 1 . . . . . . . Scanalyzers . | . . . . . . . . . . . . . . . . . . . . . Garrison Access . | . . . . . . . . . . . . . . . . . . . . . Terminal Hacks 23 | . 1 . 1 . 1 . . 2 . . 2 . 6 1 . 7 . 2 . . Record 6 | . . . . . . . . . . . . . . . . 6 . . . . Open Door 2 | . . . . . . . . . . . . . . 1 . 1 . . . . Open DSF 2 | . . . . . . . . . . . 1 . 1 . . . . . . . Branch Access Points 1 | . 1 . . . . . . . . . . . . . . . . . . . Terminal Index 5 | . . . 1 . . . . 1 . . 1 . 1 . . . . 1 . . Fabricator Index 1 | . . . . . . . . . . . . . 1 . . . . . . . Unreport Threat 3 | . . . . . . . . 1 . . . . 2 . . . . . . . Recall Reinforcements 1 | . . . . . . . . . . . . . 1 . . . . . . . Zone Layout 1 | . . . . . . . . . . . . . . . . . . 1 . . Derelict Proto ID Bank 1 | . . . . . 1 . . . . . . . . . . . . . . . Fabricator Hacks . | . . . . . . . . . . . . . . . . . . . . . Repair Station Hacks . | . . . . . . . . . . . . . . . . . . . . . Recycling Unit Hacks . | . . . . . . . . . . . . . . . . . . . . . Scanalyzer . | . . . . . . . . . . . . . . . . . . . . . Garrison Access Hacks . | . . . . . . . . . . . . . . . . . . . . . Unauthorized Hacks 24 | . 2 . 2 . . . . 13 1 . 2 . 2 . . . . 1 1 . Terminals 17 | . 2 . 2 . . . . 9 . . 2 . 1 . . . . 1 . . Botnet 14 | . 2 . 2 . . . . 7 . . 1 . 1 . . . . 1 . . Operators 3 | . . . . . . . . 2 . . 1 . . . . . . . . . Fabricators 4 | . . . . . . . . 3 . . . . . . . . . . 1 . Report 2 | . . . . . . . . 1 . . . . . . . . . . 1 . Fabnet 2 | . . . . . . . . 2 . . . . . . . . . . . . Repair Stations 2 | . . . . . . . . 1 1 . . . . . . . . . . . Mechanics 2 | . . . . . . . . 1 1 . . . . . . . . . . . Recycling Units 1 | . . . . . . . . . . . . . 1 . . . . . . . Recyclers 1 | . . . . . . . . . . . . . 1 . . . . . . . Scanalyzers . | . . . . . . . . . . . . . . . . . . . . . Garrison Access . | . . . . . . . . . . . . . . . . . . . . . Data Cores Recovered . | . . . . . . . . . . . . . . . . . . . . . Used . | . . . . . . . . . . . . . . . . . . . . . Hacking Detections 26 | . 1 . 2 . . . . 12 1 . 2 . 3 . . . . 2 3 . Full Trace Events 2 | . . . 1 . . . . . . . . . 1 . . . . . . . Feedback Events . | . . . . . . . . . . . . . . . . . . . . . Feedback Blocked . | . . . . . . . . . . . . . . . . . . . . . Robot Schematics Acquired . | . . . . . . . . . . . . . . . . . . . . . Robots Built . | . . . . . . . . . . . . . . . . . . . . . Authchips . | . . . . . . . . . . . . . . . . . . . . . Time . | . . . . . . . . . . . . . . . . . . . . . Total Robot Build Rating . | . . . . . . . . . . . . . . . . . . . . . Part Schematics Acquired . | . . . . . . . . . . . . . . . . . . . . . Parts Built . | . . . . . . . . . . . . . . . . . . . . . Authchips . | . . . . . . . . . . . . . . . . . . . . . Time . | . . . . . . . . . . . . . . . . . . . . . Total Part Build Rating . | . . . . . . . . . . . . . . . . . . . . . Parts Repaired . | . . . . . . . . . . . . . . . . . . . . . Time . | . . . . . . . . . . . . . . . . . . . . . Parts Recycled . | . . . . . . . . . . . . . . . . . . . . . Recycled Matter . | . . . . . . . . . . . . . . . . . . . . . Retrieved Matter . | . . . . . . . . . . . . . . . . . . . . . Retrieved Components . | . . . . . . . . . . . . . . . . . . . . . Parts Scanalyzed . | . . . . . . . . . . . . . . . . . . . . . Part Schematics Acquired . | . . . . . . . . . . . . . . . . . . . . . Parts Damaged . | . . . . . . . . . . . . . . . . . . . . . Bothacking | -11 -10 -10 -9 -9 -9 -8 -8 -7 -6 -6 -6 -6 -5 -5 -5 -5 -4 -4 -3 -3 ------------ Run | Yrd Mat Min Mat Min Exi Min Mat Fac Fac Was Fac DSF Fac Upp Upp War Pro Fac Res Tes Used RIF Installer . | . . . . . . . . . . . . . . . . . . . . . Robots Hacked 1 | . . . . . . . . . . . . . . . . 1 . . . . Non-combat . | . . . . . . . . . . . . . . . . . . . . . Combat 1 | . . . . . . . . . . . . . . . . 1 . . . . Robot Hacks Applied . | . . . . . . . . . . . . . . . . . . . . . Relay Couplers Released . | . . . . . . . . . . . . . . . . . . . . . Fabnet Peak Effective % 6 | . . . . . . . . . 6 6 6 6 2 2 2 2 . . . . Autooverrided 1 | . . . . . . . . . . . . . . . . 1 . . . . Robots Rewired . | . . . . . . . . . . . . . . . . . . . . . Allies Hacked . | . . . . . . . . . . . . . . . . . . . . . Hacks Repelled . | . . . . . . . . . . . . . . . . . . . . . Allies | -11 -10 -10 -9 -9 -9 -8 -8 -7 -6 -6 -6 -6 -5 -5 -5 -5 -4 -4 -3 -3 -------- Run | Yrd Mat Min Mat Min Exi Min Mat Fac Fac Was Fac DSF Fac Upp Upp War Pro Fac Res Tes Total Allies 5 | . . . . 4 . . . . . . . . . . . 1 . . . . Largest Group 4 | . . . . 4 3 3 3 . . . . . . . . . . . . . Highest-Rated Group 66 | . . . . 66 40 40 40 . . . . . . . . . . . . . Highest-Rated Ally 26 | . . . . 26 16 16 16 . . . . . . . . . . . . . Total Orders 3 | . . . . . . . 3 . . . . . . . . . . . . . STAY 2 | . . . . . . . 2 . . . . . . . . . . . . . FOLLOW 1 | . . . . . . . 1 . . . . . . . . . . . . . Ally Attacks 29 | . . . . 7 . . 21 . . . . . . . . 1 . . . . Total Damage 282 | . . . . 71 . . 174 . . . . . . . . 37 . . . . Kills 4 | . . . . 1 . . 3 . . . . . . . . . . . . . Allies Corrupted . | . . . . . . . . . . . . . . . . . . . . . Allies Melted . | . . . . . . . . . . . . . . . . . . . . . Intel | -11 -10 -10 -9 -9 -9 -8 -8 -7 -6 -6 -6 -6 -5 -5 -5 -5 -4 -4 -3 -3 ------- Run | Yrd Mat Min Mat Min Exi Min Mat Fac Fac Was Fac DSF Fac Upp Upp War Pro Fac Res Tes Robot Analysis Total . | . . . . . . . . . . . . . . . . . . . . . Derelict Logs Recovered 5 | . . . . 2 . . . . . . . . . 1 1 . 1 . . . Drone Launches . | . . . . . . . . . . . . . . . . . . . . . Drone Recoveries . | . . . . . . . . . . . . . . . . . . . . . Exploration | -11 -10 -10 -9 -9 -9 -8 -8 -7 -6 -6 -6 -6 -5 -5 -5 -5 -4 -4 -3 -3 ------------- Run | Yrd Mat Min Mat Min Exi Min Mat Fac Fac Was Fac DSF Fac Upp Upp War Pro Fac Res Tes Turns Passed 6057 | . 192 88 525 459 275 40 509 671 184 157 321 90 291 112 70 575 331 364 681 122 Spaces Moved 7637 | 1 115 56 240 360 224 31 271 1238 291 342 90 116 423 418 259 917 560 515 1040 130 Core 577 | . . . 5 . . . 41 . 2 . . 5 . . . 116 16 266 81 45 Treads 349 | . 74 56 219 . . . . . . . . . . . . . . . . . Legs 917 | 1 41 . 16 360 224 31 191 . . . . . . . . . . . 53 . Wheels . | . . . . . . . . . . . . . . . . . . . . . Hover 467 | . . . . . . . . . . . . . . . . 134 258 75 . . Flight 5327 | . . . . . . . 39 1238 289 342 90 111 423 418 259 667 286 174 906 85 Fastest Speed 21 | 120 120 160 120 120 120 120 37 37 37 40 40 21 27 21 27 21 35 32 32 45 Average Speed 56 | 120 145 160 168 120 120 120 103 37 38 40 50 31 29 26 27 37 54 56 46 74 Slowest Speed 400 | 120 160 160 300 120 120 120 190 120 200 40 120 50 67 27 27 100 80 150 400 150 Overloaded Moves 79 | . . . . . . . . . . . . 34 . 44 . 1 . . . . Propulsion Burnouts . | . . . . . . . . . . . . . . . . . . . . . Robots Hopped 12 | . . . . . . . . . . . . . . 2 2 1 . . 7 . Cave-ins Triggered 1 | . . . . . . . . 1 . . . . . . . . . . . . Exploration Rate (%) 41 | 1 27 20 23 89 60 11 20 32 8 96 3 94 8 55 74 90 85 20 33 21 Regions Visited 20 Branch Regions 9 Pre-discovered Areas 2 | . . . . 2 . . . . . . . . . . . . . . . . Known Exits Taken 11 | . 1 . . . . 1 . 1 . . 1 . 1 1 1 1 1 1 1 . Unknown Exits Taken 6 | 1 . 1 1 1 1 . 1 . . . . . . . . . . . . . Scrap Searched 7 | . . . . 1 . . . . . . . . . 2 4 . . . . . Spaces Dug 95 | . . . . . . . 2 18 9 4 4 1 . . . . . 2 55 . Terrain Destroyed 188 | . . . 6 14 . . 2 18 9 4 4 16 . . . . 17 2 96 . Melee 46 | . . . . . . . . 18 9 4 4 1 . . . . . 2 8 . Projectile 2 | . . . . . . . 2 . . . . . . . . . . . . . AOE 140 | . . . 6 14 . . . . . . . 15 . . . . 17 . 88 . Terrain Rammed . | . . . . . . . . . . . . . . . . . . . . . Walls Destroyed . | . . . . . . . . . . . . . . . . . . . . . Machines Disabled . | . . . . . . . . . . . . . . . . . . . . . Actions | -11 -10 -10 -9 -9 -9 -8 -8 -7 -6 -6 -6 -6 -5 -5 -5 -5 -4 -4 -3 -3 --------- Run | Yrd Mat Min Mat Min Exi Min Mat Fac Fac Was Fac DSF Fac Upp Upp War Pro Fac Res Tes Total 9166 | . 138 55 317 380 231 34 483 1403 344 358 360 166 588 417 256 1144 581 574 1190 147 Wait 1181 | . 6 . 47 15 . 4 179 99 42 . 264 18 153 . . 207 7 35 105 . Move 7596 | . 114 55 239 359 223 30 270 1237 291 341 89 115 422 414 254 914 559 514 1026 130 Hop 11 | . . . . . . . . . . . . . . 2 2 1 . . 6 . Pick Up 24 | . 2 . 1 1 4 . 6 4 . . . . 2 . . 1 2 . 1 . Fast Attach 79 | . 4 . 7 1 . . 4 13 . 1 2 7 6 1 . 6 . 8 14 5 Attach 35 | . 2 . 2 1 2 . 5 2 . 4 1 3 1 . . 2 3 2 3 2 Detach 28 | . . . . . 2 . 2 3 . 6 . 5 . . . 2 1 3 2 2 Swap 5 | . . . . . . . . . . . . . . . . 1 2 2 . . Drop 46 | . 8 . . . . . 7 5 . 2 . 4 4 . . 7 2 1 5 1 Fire 49 | . 2 . 21 3 . . 10 1 . . . 1 . . . . 1 . 5 5 Melee 82 | . . . . . . . . 21 11 4 4 1 . . . 3 4 9 23 2 Ram . | . . . . . . . . . . . . . . . . . . . . . Kick . | . . . . . . . . . . . . . . . . . . . . . Crush . | . . . . . . . . . . . . . . . . . . . . . Escape Stasis 30 | . . . . . . . . 18 . . . 12 . . . . . . . . Rewire . | . . . . . . . . . . . . . . . . . . . . . Trap . | . . . . . . . . . . . . . . . . . . . . . Miscellaneous . | . . . . . . . . . . . . . . . . . . . . . Route ------- -11/Scrapyard -10/Materials (discovered 3 exits: *Mat / *Min x2) -10/Mines -9/Materials -9/Mines (discovered 3 exits: *Mat x2 / *Exi) -9/Exiles -8/Mines -8/Materials -7/Factory (discovered 2 exits: *Fac / *Low) -6/Factory -6/Waste -6/Factory -6/DSF -5/Factory -5/Upper Caves -5/Upper Caves (discovered 2 exits: *Fac / *War) -5/Warlord -4/Proximity Caves -4/Factory (discovered 2 exits: *Res / [*Ext]) -3/Research -3/Testing History --------- Turn | Location | Event 1 | -11/Scrapyard | Discovered new exit (range 0) 1 | -11/Scrapyard | Entered Materials 142 | -10/Materials | Discovered new exit (range 14) 145 | -10/Materials | Identified exit to Mines 193 | -10/Materials | Entered Mines 194 | -10/Mines | Met a Derelict bent on vengeance 269 | -10/Mines | Discovered new exit (range 8) 281 | -10/Mines | Entered Materials 281 | -9/Materials | Evolved 2 slots: Utility x2 316 | -9/Materials | Build established: Mutant 710 | -9/Materials | Discovered new exit (range 15) 806 | -9/Materials | Entered Mines 829 | -9/Mines | Received a Rocket Launcher from a helpful Derelict 840 | -9/Mines | Identified exit to Materials 1089 | -9/Mines | Assisted by bots powering up and referring to "LRC-V3" 1137 | -9/Mines | Learned location of Storage (-7) 1202 | -9/Mines | Discovered exit to Materials (range 9) 1216 | -9/Mines | Escorted by a lone wolf Derelict 1246 | -9/Mines | Deemed a non-threat by the Exiles lab entrance 1246 | -9/Mines | Discovered new exit (range 5) 1265 | -9/Mines | Entered Exiles 1265 | -9/Exiles | Accompanied by 4 allies 1301 | -9/Exiles | Met 8R-AWN 1326 | -9/Exiles | Met EX-HEX 1362 | -9/Exiles | Met EX-BIN 1379 | -9/Exiles | Aligned with FarCom system 1380 | -9/Exiles | Given EX-Vault access code 1409 | -9/Exiles | Opened EX-Vault 1419 | -9/Exiles | Found Superbattery 1446 | -9/Exiles | Warned to stay clear of 0b10 Research branches 1483 | -9/Exiles | Met EX-DEC 1524 | -9/Exiles | Discovered new exit (range 14) 1540 | -9/Exiles | Left Exiles lab with Superbattery 1540 | -9/Exiles | Entered Mines 1540 | -8/Mines | Accompanied by 3 allies 1568 | -8/Mines | Discovered exit to Materials (range 4) 1580 | -8/Mines | Entered Materials 1580 | -8/Materials | Accompanied by 3 allies 1580 | -8/Materials | Evolved 2 slots: Utility x2 2044 | -8/Materials | Core integrity fell below 50% 2056 | -8/Materials | Core integrity fell below 20% 2083 | -8/Materials | Discovered new exit (range 13) 2084 | -8/Materials | Lost 9 parts (1p2n4u2w) 2089 | -8/Materials | Entered Factory 2089 | -7/Factory | Evolved 2 slots: Utility x2 2215 | -7/Factory | Discovered new exit (range 9) 2295 | -7/Factory | Crushed by falling debris 2408 | -7/Factory | Discovered new exit (range 11) 2414 | -7/Factory | Identified exit to Lower Caves 2759 | -7/Factory | Identified exit to Factory 2760 | -7/Factory | Entered another Factory area 2760 | -6/Factory | Evolved 2 slots: Utility x2 2871 | -6/Factory | Build established: Hacker-Mutant 2944 | -6/Factory | Sucked down chute 2944 | -6/Factory | Entered Waste 2944 | -6/Waste | The area was eerily silent 3096 | -6/Waste | Discovered new exit (range 11) 3100 | -6/Waste | Identified exit to Factory 3101 | -6/Waste | Entered Factory 3421 | -6/Factory | Identified exit to DSF 3422 | -6/Factory | Entered DSF 3438 | -6/DSF | Additional patrols routed to DSF 3483 | -6/DSF | Lost 4 parts (1n3u) 3493 | -6/DSF | Discovered new exit (range 14) 3511 | -6/DSF | Identified exit to Factory 3512 | -6/DSF | Entered Factory 3512 | -5/Factory | Evolved 2 slots: Utility x2 3552 | -5/Factory | Discovered new exit (range 8) 3554 | -5/Factory | Identified exit to Upper Caves 3710 | -5/Factory | Build established: Hacker-Scout 3803 | -5/Factory | Entered Upper Caves 3805 | -5/Upper Caves | Attracted the attention of an 0b10 checkpoint 3826 | -5/Upper Caves | Attracted the attention of an 0b10 base 3857 | -5/Upper Caves | Spotted B-75 Beast 3874 | -5/Upper Caves | Learned Factory security intel 3914 | -5/Upper Caves | Discovered new exit (range 6) 3915 | -5/Upper Caves | Identified exit to Upper Caves 3915 | -5/Upper Caves | Entered another Upper Caves area 3935 | -5/Upper Caves | Learned Factory emergency access door positions 3973 | -5/Upper Caves | Discovered new exit (range 8) 3975 | -5/Upper Caves | Identified exit to Factory 3984 | -5/Upper Caves | Discovered new exit (range 5) 3985 | -5/Upper Caves | Identified exit to Warlord 3985 | -5/Upper Caves | Entered Warlord 4009 | -5/Warlord | Found Prototype Special Weapon 4009 | -5/Warlord | Identified RU-N14's Throwing Claymores v3 4063 | -5/Warlord | Visited the Vortex Lab 4066 | -5/Warlord | Found Prototype Piercing Weapon 4066 | -5/Warlord | Identified Vortex Lance 4084 | -5/Warlord | Warlord's base attacked by MAIN.C 4087 | -5/Warlord | Met Warlord 4089 | -5/Warlord | Build established: Hacker-Sprinter 4184 | -5/Warlord | Spotted B-86 Titan 4220 | -5/Warlord | Lost 3 allies 4233 | -5/Warlord | Lost 4 parts (2n1u1w) 4434 | -5/Warlord | Warlord forces counterattacked 4475 | -5/Warlord | Build established: Hacker-Mutant 4493 | -5/Warlord | Spotted Executioner 4509 | -5/Warlord | Found Prototype Processor 4509 | -5/Warlord | Identified Exp. Core Analyzer 4515 | -5/Warlord | Spotted Striker 4515 | -5/Warlord | Spotted Striker 4524 | -5/Warlord | Lost 3 allies 4552 | -5/Warlord | Discovered new exit (range 12) 4559 | -5/Warlord | Identified exit to Proximity Caves 4560 | -5/Warlord | Entered Proximity Caves 4566 | -4/Proximity Caves | Lost 4 allies 4686 | -4/Proximity Caves | Unaware initiated a cargo recovery operation 4765 | -4/Proximity Caves | Attracted the attention of an 0b10 outpost 4798 | -4/Proximity Caves | Spotted B-86 Titan 4807 | -4/Proximity Caves | Lost 6 parts (1p2n2u1w) 4841 | -4/Proximity Caves | Core integrity fell below 50% 4853 | -4/Proximity Caves | Learned Research stockpile data 4887 | -4/Proximity Caves | Core integrity fell below 20% 4888 | -4/Proximity Caves | Discovered exit to Factory (range 7) 4891 | -4/Proximity Caves | Entered Factory 4891 | -4/Factory | Evolved 2 slots: Utility x2 5218 | -4/Factory | Discovered new exit (range 13) 5253 | -4/Factory | Discovered new exit (range 5) 5255 | -4/Factory | Identified exit to Research 5255 | -4/Factory | Entered Research 5255 | -3/Research | Evolved 2 slots: Utility x2 5691 | -3/Research | Lost 3 parts (1p2u) 5799 | -3/Research | System corruption reached 10% 5844 | -3/Research | Lost 6 parts (1n4u1w) 5856 | -3/Research | Core integrity fell below 50% 5921 | -3/Research | Core integrity fell below 20% 5929 | -3/Research | Discovered new exit (range 12) 5935 | -3/Research | Identified exit to Testing 5936 | -3/Research | Entered Testing 5937 | -3/Testing | Maximum security lockdown engaged 5945 | -3/Testing | Found Prototype Energy Gun 5945 | -3/Testing | Identified Tachyon Dispersion Ray 5946 | -3/Testing | Lost 8 parts (1p3n2u2w) 5959 | -3/Testing | Spotted PH-7LX5HVWXY4 6020 | -3/Testing | Found Prototype Energy Gun 6020 | -3/Testing | Identified Warp Gun 6058 | -3/Testing | Destroyed by X-77 Beamer with Gatling Laser Last Messages --------------- (+320). 06014_ System corrupted: Heat flow error (+275). 06015_ Overheating: Adv. Target Analyzer damaged (-21). 06015_ Dropped Faulty Exp. Cooling System. 06016_ Reinforced Shell breached. 06020_ Acquired Prototype Energy Gun. 06020_ Identified Warp Gun. 06037_ ALERT: Assault forces dispatched. 06045_ C-30 ARC bursts open, deploying its payload. 06045_ P-80 Master unfolds itself. 06045_ Warp Gun destroyed. 06049_ Door malfunctions. 06049_ O-24 Administrator: "IFF HANDSHAKE FAILED. SECURING TERMINAL." 06054_ Acquired Prototype Ballistic Gun. 06054_ Identified Adv. KE Penetrator. 06055_ Terminal disabled. 06057_ Slug penetrates Wall. Map ----- +----------------------------------------------------+ | ?????????????????????????????????????????????? | | ?????????????????????????????????????????????? | | ?????????????????????????????????????????????? | | ?????????????????????????????????????????????? | | ?????????????????????????????????????????????? | | ?????????????????????????????????????????????? | | ?????????????????????????????????????????????? | | ?????????????????????????????????????????????? | | ?????????????????????????????????????????????? | | ?????????????????????????????????????????????? | | ?????????????????????????????????????????????? | | ?????????????????????????????????????????????? | | ?????????????????????????????????????????????? | | ?????????????????????????????????????????????? | | ??????????????????????????????? ?#???????????? | | ??????????????????????????????? ?????????? | | ?????????????????????????????? #????????? | | ?????????????????????????????? #????????? | | ?????????????????????????? """ +????????? | | ??????????????????????????"""" #????????? | | ?????????????????g????????"""" #????????? | | ?????????????????g????????""" #????????? | | ?????????????????g???????? #????????? | | ?????????????????????????? #????????? | | ???????????????????######## #????????? | | ???????????????????# @ # +????????? | | ???????????????????# # #????????? | | ???????????????????# "T xx #????????? | | ???????????????????# """ #p #????????? | | ???????????????????# !#p #????????? | | ???????????????????########x #????????? | | ??????????????????????????# ########????????? | | ??????????????????????????# # #????????? | | ???????????????????????#### # #????????? | | ???????????????????????# / #????????? | | ???????????????????????# # #????????? | | ???????????????????????# # = #????????? | | ???????????????????????#### # #????????? | | ??????????????????????????# ######+#????????? | | ??????????????????????????# "###### ####?????? | | ??????????????????????????#"%" #?????? | | ??????????????????????????# " #?????? | | ??????????????????????????# ##### # | | ??????????????????????????# + | | ??????????????????????????# ########## | | ??????????????????????????# #####+#####????## | | ??????????????????????????# # #???? | | ??????????????????????????# # #??? | | ??????????????????????????? + #### "" | | ?????????????????????????????# + + "" | +----------------------------------------------------+ Best States ------------- Heat Dissipation 53 Energy Generation 15 Energy Capacity 1660 Matter Stores 300 Matter Capacity 300 Sight Range 16 Terrain Scan Range 16 Terrain Scan Density 410 Jamming Range 12 Armor Coverage 150 Melee Speed Boost 30 Evasion (%) 72 Melee Accuracy 36 Target Analysis 8 Core Analysis 8 Armor Integrity Analysis 40 Recoil Reduction 2 Offensive Hacking 30 Defensive Hacking 28 Item Schematics ----------------- None Robot Schematics ------------------ None Fabricated ------------ Nothing Alien Tech Used ----------------- None Achievements -------------- None Challenges ------------ None Game ------ Seed GuidanceEncryptedWarhead Manual? 0 Play Time 01:30:48 Cumulative 146.8 hours Start 2024.03.08 @ 12:05:33 End 2024.03.08 @ 14:04:06 Sessions 1 Manual Loads 0 Difficulty Rogue Special Mode None Game No. 159 Rogue 159 Adventurer 0 Explorer 0 Win Type - Total 0 Types 0/0/0/0/0/0/0/0/0 Lore% 51 Gallery% 68 Achievement% 54 Wizard Run 0 Options --------- Layout 1 ASCII 0 Keyboard 0 Movement Numpad Keybinds 0 Fullscreen 1 Font 24/Smallcaps Map View 50x35 Zoom Use 0% Tactical HUD 1 Map Filters NONE Filters NONE Steam 1 RUN: 597caa17-1f67-4f1a-9190-3fc6d07d79e1